 Dungeon Crawl Stone Soup version 0.30.0-29-ga12c61a403 (webtiles) character file.

Game seed: 18000015660878291877

45719 qw the Blocker (level 14, -5/88 HPs)
             Began as a Gargoyle Fighter on June 6, 2023.
             Was an Elder of Okawaru.
             Killed from afar by an oklob plant (11 damage)
             ... with a splash of acid
             ... on level 5 of the Lair of Beasts.
             The game lasted 00:08:47 (15438 turns).

qw the Blocker (Gargoyle Fighter)                  Turns: 15438, Time: 00:08:48

Health: -5/88      AC: 29    Str: 25    XL:     14   Next: 34%
Magic:  16/21      EV:  9    Int:  9    God:    Okawaru [****..]
Gold:   773        SH: 20    Dex:  9    Spells: 13/13 levels left

rFire   + . .        Y - +0 broad axe
rCold   . . .        t - +0 tower shield
rNeg    + . .        h - +0 plate armour
rPois   inf          j - +2 helmet
rElec   +            x - +0 cloak
rCorr   .            (no gloves)
SInv    .            o - +0 pair of boots
Will    +....        y - amulet of faith Stlth
                     b - +4 ring of protection
HPRegen 0.34/turn    i - ring of protection from fire
MPRegen 0.17/turn

%: faith
@: heroic, finesse-ful, corroded, flying
A: sickness immunity, AC +10, big wings, negative energy resistance 1,
electricity resistance, torment resistance 1, petrification resistance
a: Renounce Religion, Heroism, Finesse


You were on level 5 of the Lair of Beasts.
You worshipped Okawaru.
Okawaru was greatly pleased with you.
You visited 3 branches of the dungeon, and saw 15 of its levels.

You collected 773 gold pieces.


Innate Abilities, Weirdness & Mutations

You are immune to sickness and miasma.
Your stone body is resilient. (AC +10)
You are immune to poison.
Your large and strong wings let you fly.
You resist negative energy. (rN+)
You are resistant to electric shocks. (rElec)
You are resistant to unholy torment.
You are immune to petrification.


   Skills:
 - Level 10.0(15.0) Fighting
 - Level 13.0(18.0) Axes
 - Level 3.7(8.7) Throwing
 - Level 9.1(14.1) Armour
 - Level 2.3(7.3) Dodging
 + Level 14.9(19.9) Shields
 - Level 10.0 Invocations


You had 13 spell levels left.
You didn't know any spells.
Your spell library was empty.

Inventory:

Hand Weapons
 u - a +0 demon whip of venom
 Y - a +0 broad axe (weapon)
Missiles
 A - 6 boomerangs (quivered)
Armour
 h - a +0 plate armour (worn)
 j - a +2 helmet (worn)
 o - a +0 pair of boots (worn)
 r - the +1 pair of boots "Soshrataur" {rElec rPois Slay-4 Stlth+}
   (Okawaru gifted it to you on level 5 of the Lair of Beasts)

   Slay:      It affects your accuracy & damage with ranged weapons and melee
   (-4).
   rElec:     It insulates you from electricity.
   rPois:     It protects you from poison.
   Stlth:     It makes you more stealthy.
 t - a +0 tower shield (worn)
 w - +0 acid dragon scales
 x - a +0 cloak (worn)
Jewellery
 b - a +4 ring of protection (left hand)
 c - an amulet of regeneration
 f - a ring of fire
 i - a ring of protection from fire (right hand)
 m - a ring of willpower
 q - a ring of ice
 y - an amulet of faith (around neck)
Wands
 s - a wand of digging (1)
Scrolls
 k - a scroll of teleportation
 n - 6 scrolls of identify
Potions
 a - 3 potions of haste
 d - 4 potions of might
 e - a potion of mutation
 g - 2 potions of magic
 l - a potion of cancellation
 p - 4 potions of curing
 v - a potion of attraction
 z - a potion of resistance {unknown}
 B - a potion of brilliance {unknown}

Dungeon Overview and Level Annotations

Branches:
Dungeon (9/15)             Temple (1/1) D:6            Lair (5/5) D:9
  Swamp (0/4) Lair:3       Spider (0/4) Lair:3        Slime (0/5) Lair:5
    Orc: D:9-12

Altars:
Ashenzari
Cheibriados
Dithmenos
Elyvilon
Fedhas
Gozag
Hepliaklqana
Kikubaaqudgha
Makhleb
Nemelex Xobeh
Okawaru
Qazlal
Ru
Sif Muna
Trog
Uskayaw
Vehumet
Wu Jian
Xom
Yredelemnul
Zin
The Shining One
Jiyva

Shops:
D:7 :[


Message History

You hit the oklob plant.
The oklob plant is lightly damaged.
You hit the oklob plant. You slash the oklob plant!
The oklob plant is moderately damaged.
You hit the oklob plant but do no damage.
The oklob plant spits acid at you. The splash of acid hits you!!
You hit the oklob plant but do no damage.
The oklob plant is moderately damaged.
You hit the oklob plant but do no damage.
You hit the oklob plant but do no damage.
The oklob plant is moderately damaged.
You slash the oklob plant! The oklob plant spits acid at you.
The splash of acid hits you! The oklob plant spits acid at you.
The splash of acid hits you but does no damage.
You hit the oklob plant but do no damage.
The oklob plant is moderately damaged.
You hit the oklob plant but do no damage.
You hit the oklob plant but do no damage.
The oklob plant is moderately damaged.
You slash the oklob plant! You slash the oklob plant!
The oklob plant is heavily damaged.
You hit the oklob plant but do no damage.
The oklob plant spits acid at you. The splash of acid hits you.
The acid corrodes you!
You hit the oklob plant.
The oklob plant is heavily damaged.
You hit the oklob plant. You completely miss the oklob plant.
The oklob plant is heavily damaged.
You hit the oklob plant but do no damage.
The oklob plant spits acid at you. The splash of acid hits you!!
The oklob plant spits acid at you. The splash of acid hits you!
You die...

####.....P## ##
###..#.......#..#
##..#.............
#.....###....#.#..
#.......##..## #
##........#..##
#........#.#..#
#...P>.......##
#...P@.......#
#...........##
##.........##
...P....#.P#
....P....##.##
.#.PPP..#...#
...P.........
#....##$###


You could see 2 oklob plants.

Vanquished Creatures
  Fannar (Lair:3)
  4 hydras
  2 two-headed ogres (D:9)
  A boulder beetle (Lair:1)
  4 death yaks
  Amaemon (Lair:1)
  2 skysharks
  2 bog bodies (Lair:3)
  An obsidian statue (D:8)
  Pikel (D:6)
  2 oklob plants (Lair:5)
  10 elephants (Lair:3)
  2 black mambas
  A torpor snail (Lair:2)
  10 cane toads
  An ice statue (D:8)
  Maggie (D:8)
  An orange demon (Lair:1)
  4 rime drakes
  7 komodo dragons
  Psyche (D:9)
  9 polar bears
  22 dream sheep
  20 blink frogs
  Sigmund (D:5)
  A jumping spider (Lair:3)
  4 wyverns
  30 yaks
  2 culicivoras (Lair:3)
  7 basilisks
  A steam dragon (D:8)
  Menkaure (D:5)
  An acid dragon (D:8)
  13 water moccasins
  6 ice beasts
  4 black bears
  14 wolves
  An ogre (D:6)
  2 orc warriors (D:9)
  2 phantoms (D:6)
  A centaur (D:8)
  2 lemures (D:6)
  2 kobold brigands (D:8)
  14 bullfrogs
  2 scorpions
  6 wights (D:7)
  8 killer bees
  4 electric eels (Lair:3)
  2 howler monkeys (D:7)
  4 hounds
  2 jellies (D:6)
  3 orc priests
  3 gnoll boudas
  3 iguanas
  8 orc wizards
  Robin (D:2)
  11 gnolls
  4 adders
  A shadow imp (D:8)
  A white imp (D:6)
  A worm (D:2)
  24 orcs
  7 bats
  5 endoplasms
  4 giant cockroaches
  14 goblins
  10 hobgoblins
  14 jackals
  A quokka (D:1)
  6 ball pythons
  4 frilled lizards
  14 kobolds
  7 rats
393 creatures vanquished.

Vanquished Creatures (others)
  A sky beast (D:7)
1 creature vanquished.

Grand Total: 394 creatures vanquished

Notes
Turn   | Place    | Note
-------+----------+-------------------------------------------
     0 | D:1      | qw the Gargoyle Fighter began the quest for the Orb.
     0 | D:1      | Reached XP level 1. HP: 14/14 MP: 1/1
     0 | D:1      | 0 ||| qw: Version: 0.2-a-108-gee2c290
     0 | D:1      | 0 ||| qw: Game counter: 1512
     0 | D:1      | 0 ||| qw: Always use a shield: true
     0 | D:1      | 0 ||| qw: God list: Okawaru
     0 | D:1      | 0 ||| qw: Allow faded altars: false
     0 | D:1      | 0 ||| qw: Do Orc after D:15 true
     0 | D:1      | 0 ||| qw: Do second Lair branch before Depths: true
     0 | D:1      | 0 ||| qw: Lair rune preference: random
     0 | D:1      | 0 ||| qw: Plans: Normal, Zot:1-4, Slime:5, God:TSO, Crypt,
                  | Tomb, Abyss, Pan, Hells, Win
     0 | D:1      | 0 ||| PLANNING D:1-11
    14 | D:1      | 14 ||| Stepping ~*~*~tactically~*~*~ (stealth).
    39 | D:1      | Reached XP level 2. HP: 18/19 MP: 2/2
    43 | D:1      | 43 ||| Stepping ~*~*~tactically~*~*~ (stealth).
    44 | D:1      | 44 ||| Stepping ~*~*~tactically~*~*~ (stealth).
    46 | D:1      | 46 ||| Stepping ~*~*~tactically~*~*~ (stealth).
    48 | D:1      | 48 ||| Stepping ~*~*~tactically~*~*~ (stealth).
    57 | D:1      | 57 ||| Stepping ~*~*~tactically~*~*~ (stealth).
   242 | D:1      | Reached skill level 3 in Axes
   246 | D:1      | Reached XP level 3. HP: 14/23 MP: 3/3
   246 | D:1      | 246 ||| FLEEEEING.
   247 | D:1      | 247 ||| FLEEEEING.
   252 | D:1      | 252 ||| FLEEEEING.
   253 | D:1      | 253 ||| FLEEEEING.
   254 | D:1      | 254 ||| FLEEEEING.
   256 | D:1      | 256 ||| FLEEEEING.
   257 | D:1      | 257 ||| FLEEEEING.
   258 | D:1      | 258 ||| FLEEEEING.
   259 | D:1      | 259 ||| FLEEEEING.
   260 | D:1      | 260 ||| FLEEEEING.
   261 | D:1      | 261 ||| FLEEEEING.
   262 | D:1      | 262 ||| FLEEEEING.
   263 | D:1      | 263 ||| FLEEEEING.
   264 | D:1      | 264 ||| FLEEEEING.
   265 | D:1      | 265 ||| FLEEEEING.
   266 | D:1      | 266 ||| FLEEEEING.
   267 | D:1      | 267 ||| FLEEEEING.
   270 | D:1      | 270 ||| FLEEEEING.
   271 | D:1      | 271 ||| FLEEEEING.
   272 | D:1      | 272 ||| FLEEEEING.
   273 | D:1      | 273 ||| FLEEEEING.
   274 | D:1      | 274 ||| FLEEEEING.
   275 | D:1      | 275 ||| FLEEEEING.
   508 | D:1      | Found a faded altar of an unknown god.
   921 | D:1      | 921 ||| UPGRADING to ring of willpower.
   922 | D:1      | 922 ||| UPGRADING to ring of protection from fire.
   923 | D:1      | 923 ||| READING scroll labelled JAUNKA ROCHITHRE.
   926 | D:1      | 926 ||| Stepping ~*~*~tactically~*~*~ (hiding).
  1031 | D:1      | 1031 ||| READING scroll labelled DUMPIR RICOIGHIMP.
  1032 | D:1      | 1032 ||| READING scroll labelled XUETHE BUARA.
  1033 | D:1      | 1033 ||| READING scroll labelled FYQUAG TOIDUQ.
  1083 | D:2      | Reached XP level 4. HP: 21/28 MP: 4/4
  1165 | D:2      | 1165 ||| Stepping ~*~*~tactically~*~*~ (stealth).
  1166 | D:2      | 1166 ||| Stepping ~*~*~tactically~*~*~ (stealth).
  1169 | D:2      | 1169 ||| Stepping ~*~*~tactically~*~*~ (stealth).
  1172 | D:2      | Noticed Robin
  1180 | D:2      | Killed Robin
  1219 | D:2      | 1219 ||| DROPPING +0 whip.
  1409 | D:2      | Reached XP level 5. HP: 28/32 MP: 5/5
  1426 | D:2      | Identified the +7 long sword of Context {freeze, rC+ rN+}
  1639 | D:2      | 1639 ||| UPGRADING to +0 plate armour.
  1649 | D:2      | 1649 ||| DROPPING +0 scale mail.
  1650 | D:2      | 1650 ||| UPGRADING to +2 helmet.
  1655 | D:2      | 1655 ||| UPGRADING to +0 pair of boots.
  1660 | D:2      | 1660 ||| DROPPING ring of flight.
  1716 | D:3      | 1716 ||| Stepping ~*~*~tactically~*~*~ (stealth).
  2098 | D:3      | HP: 5/32 [orc priest/divine providence (14)]
  2213 | D:3      | 2213 ||| DROPPING +2 heavy mace.
  2214 | D:3      | 2214 ||| DROPPING +0 flail.
  2370 | D:3      | Reached XP level 6. HP: 38/38 MP: 6/6
  2733 | D:3      | 2733 ||| UPGRADING to +4 ring of protection.
  2735 | D:3      | 2735 ||| READING scroll labelled DACEENLINE.
  2736 | D:3      | 2736 ||| DRINKING 2 fuming cyan potions.
  2737 | D:3      | 2737 ||| READING 6 scrolls of identify.
  2737 | D:3      | 2737 ||| IDENTIFYING bubbling cyan potion
  2738 | D:3      | 2738 ||| READING 5 scrolls of identify.
  2738 | D:3      | 2738 ||| IDENTIFYING red potion
  2739 | D:3      | 2739 ||| READING 4 scrolls of identify.
  2739 | D:3      | 2739 ||| IDENTIFYING murky grey potion
  2740 | D:3      | 2740 ||| READING 3 scrolls of identify.
  2740 | D:3      | 2740 ||| IDENTIFYING fuming coppery potion
  2741 | D:3      | 2741 ||| DROPPING potion of berserk rage.
  2831 | D:4      | Found a sacrificial altar of Ru.
  3385 | D:4      | 3385 ||| READING 2 scrolls of identify.
  3385 | D:4      | 3385 ||| IDENTIFYING silvery potion
  3400 | D:5      | Entered Level 5 of the Dungeon
  3402 | D:5      | Noticed Menkaure
  3403 | D:5      | 3403 ||| Stepping ~*~*~tactically~*~*~ (hiding).
  3413 | D:5      | HP: 6/38 [Menkaure (14)]
  3414 | D:5      | 3414 ||| DRINKING potion of heal wounds.
  3415 | D:5      | Killed Menkaure
  3615 | D:5      | 3615 ||| Stepping ~*~*~tactically~*~*~ (stealth).
  3628 | D:5      | Reached XP level 7. HP: 38/44 MP: 7/7
  3646 | D:5      | Reached skill level 6 in Axes
  3781 | D:5      | Found a glowing golden altar of the Shining One.
  3807 | D:5      | HP: 11/44 [black bear (1)]
  3949 | D:5      | Identified the +0 robe of Heresy {rC++}
  4008 | D:5      | 4008 ||| Stepping ~*~*~tactically~*~*~ (stealth).
  4013 | D:5      | 4013 ||| Stepping ~*~*~tactically~*~*~ (stealth).
  4014 | D:5      | 4014 ||| Stepping ~*~*~tactically~*~*~ (stealth).
  4015 | D:5      | 4015 ||| Stepping ~*~*~tactically~*~*~ (stealth).
  4145 | D:5      | Identified the +6 hand axe of Lygaf {spect, rPois Str+4}
  4159 | D:5      | 4159 ||| DRINKING 3 potions of curing.
  4159 | D:5      | 4159 ||| (to cure confusion)
  4173 | D:5      | 4173 ||| SWAPPING to +6 hand axe of Lygaf {spect, rPois
                  | Str+4}.
  4244 | D:5      | Noticed Sigmund
  4256 | D:5      | 4256 ||| DRINKING 2 potions of curing.
  4256 | D:5      | 4256 ||| (to cure confusion)
  4258 | D:5      | Killed Sigmund
  4259 | D:5      | Reached XP level 8. HP: 49/49 MP: 8/8
  4398 | D:6      | Identified the +0 ring mail of Entitlement {Str+5}
  4423 | D:6      | Noticed Pikel
  4446 | D:6      | Killed Pikel
  4594 | D:6      | Reached XP level 9. HP: 53/55 MP: 9/9
  4605 | D:6      | Reached skill level 6 in Fighting
  4659 | D:6      | 4659 ||| Stepping ~*~*~tactically~*~*~ (stealth).
  4790 | D:6      | Found a staircase to the Ecumenical Temple.
  4791 | D:6      | 4791 ||| PLANNING TEMPLE
  4791 | D:6      | 4791 ||| READING scroll labelled ZARING PIUMO.
  4792 | D:6      | 4792 ||| READING 4 scrolls of identify.
  4792 | D:6      | 4792 ||| IDENTIFYING grey potion
  4793 | D:6      | 4793 ||| DROPPING potion of degeneration.
  4807 | Temple   | Entered the Ecumenical Temple
  4819 | Temple   | 4819 ||| PLANNING OKAWARU WORSHIP
  5049 | Temple   | Became a worshipper of Warmaster Okawaru
  5049 | Temple   | 5049 ||| PLANNING D:1-11
  5115 | D:6      | Reached skill level 9 in Axes
  5285 | D:6      | Found a basalt altar of Yredelemnul.
  5291 | D:6      | Reached skill level 4 in Shields
  5374 | D:6      | Reached skill level 1 in Throwing
  5930 | D:6      | 5930 ||| READING scroll labelled VYWEMO UKOU.
  5999 | D:7      | 5999 ||| Stepping ~*~*~tactically~*~*~ (stealth).
  6015 | D:7      | 6015 ||| DRINKING 2 potions of curing.
  6015 | D:7      | 6015 ||| (to cure confusion)
  6022 | D:7      | Reached skill level 6 in Armour
  6047 | D:7      | 6047 ||| Stepping ~*~*~tactically~*~*~ (stealth).
  6073 | D:7      | 6073 ||| Stepping ~*~*~tactically~*~*~ (hiding).
  6231 | D:7      | 6231 ||| Stepping ~*~*~tactically~*~*~ (hiding).
  6234 | D:7      | 6234 ||| Stepping ~*~*~tactically~*~*~ (hiding).
  6235 | D:7      | 6235 ||| Stepping ~*~*~tactically~*~*~ (hiding).
  6236 | D:7      | 6236 ||| Stepping ~*~*~tactically~*~*~ (hiding).
  6249 | D:7      | Reached * piety under Okawaru
  6363 | D:7      | Found Ykhlecucs's Armour Boutique.
  6368 | D:7      | Reached skill level 1 in Invocations
  6585 | D:7      | Reached XP level 10. HP: 63/63 MP: 11/11
  6707 | D:7      | Found Coawnif's Tremendous Tomes.
  6954 | D:7      | 6954 ||| SHOPLISTING +0 mask of the Dragon {Will+ Slay+3
                  | SInv} (534 gold, have 400).
  6954 | D:7      | 6954 ||| READING scroll labelled UWKI HAOSCHEA.
  7021 | D:8      | 7021 ||| INVOKING Heroism.
  7031 | D:8      | Reached skill level 3 in Invocations
  7286 | D:8      | Found an ancient bone altar of Kikubaaqudgha.
  7321 | D:8      | 7321 ||| Stepping ~*~*~tactically~*~*~ (hiding).
  7324 | D:8      | 7324 ||| Stepping ~*~*~tactically~*~*~ (hiding).
  7446 | D:8      | Noticed an obsidian statue
  7447 | D:8      | 7447 ||| INVOKING Heroism.
  7459 | D:8      | Killed an obsidian statue
  7546 | D:8      | Found a broken altar of Ashenzari.
  7590 | D:8      | 7590 ||| FLEEEEING.
  7595 | D:8      | 7595 ||| FLEEEEING.
  7596 | D:8      | 7596 ||| FLEEEEING.
  7597 | D:8      | 7597 ||| FLEEEEING.
  7598 | D:8      | 7598 ||| FLEEEEING.
  7599 | D:8      | 7599 ||| FLEEEEING.
  7600 | D:8      | 7600 ||| FLEEEEING.
  7601 | D:8      | 7601 ||| FLEEEEING.
  7606 | D:8      | 7606 ||| Stepping ~*~*~tactically~*~*~ (hiding).
  7699 | D:8      | Noticed an ice statue
  7700 | D:8      | 7700 ||| INVOKING Heroism.
  7704 | D:8      | 7704 ||| Stepping ~*~*~tactically~*~*~ (cloud).
  7756 | D:8      | 7756 ||| INVOKING Heroism.
  7765 | D:8      | HP: 14/64 [ice statue/bolt of cold (14)]
  7766 | D:8      | 7766 ||| READING 2 scrolls of teleportation.
  7766 | D:8      | HP: 6/64 [ice statue/freezing blast (9)]
  7767 | D:8      | 7767 ||| DRINKING 3 potions of heal wounds.
  7768 | D:8      | 7768 ||| DRINKING 2 potions of heal wounds.
  7902 | D:8      | 7902 ||| INVOKING Heroism.
  7903 | D:8      | 7903 ||| READING 2 scrolls labelled XACEQ WIUX.
  7904 | D:8      | 7904 ||| READING 7 scrolls of identify.
  7904 | D:8      | 7904 ||| IDENTIFYING inky potion
  7905 | D:8      | 7905 ||| DROPPING scroll of magic mapping.
  7919 | D:8      | HP: 4/64 [ice statue/bolt of cold (34)]
  7920 | D:8      | 7920 ||| READING scroll of teleportation.
  7921 | D:8      | 7921 ||| DRINKING potion of heal wounds.
  7923 | D:8      | Killed an ice statue
  7924 | D:8      | Reached skill level 5 in Shields
  7924 | D:8      | HP: 13/64 [something (10)]
  8186 | D:8      | Noticed Maggie
  8187 | D:8      | 8187 ||| Stepping ~*~*~tactically~*~*~ (stealth).
  8195 | D:8      | Killed Maggie
  8353 | D:9      | 8353 ||| Stepping ~*~*~tactically~*~*~ (stealth).
  8355 | D:9      | Noticed Psyche
  8356 | D:9      | 8356 ||| Stepping ~*~*~tactically~*~*~ (stealth).
  8357 | D:9      | 8357 ||| INVOKING Heroism.
  8365 | D:9      | Killed Psyche
  8459 | D:9      | 8459 ||| SWAPPING to +0 broad axe.
  8460 | D:9      | 8460 ||| DROPPING +6 hand axe of Lygaf {spect, rPois
                  | Str+4}.
  8461 | D:9      | 8461 ||| DROPPING +0 war axe.
  8512 | D:9      | Noticed a two-headed ogre
  8512 | D:9      | Noticed a two-headed ogre
  8513 | D:9      | 8513 ||| INVOKING Heroism.
  8521 | D:9      | Killed a two-headed ogre
  8526 | D:9      | Killed a two-headed ogre
  8526 | D:9      | Reached ** piety under Okawaru
  8624 | D:9      | 8624 ||| INVOKING Heroism.
  8630 | D:9      | Reached XP level 11. HP: 61/68 MP: 11/14
  8676 | D:9      | 8676 ||| INVOKING Heroism.
  8677 | D:9      | 8677 ||| Stepping ~*~*~tactically~*~*~ (stealth).
  8713 | D:9      | 8713 ||| INVOKING Heroism.
  8716 | D:9      | Reached skill level 9 in Fighting
  8732 | D:9      | 8732 ||| Stepping ~*~*~tactically~*~*~ (stealth).
  8744 | D:9      | 8744 ||| Stepping ~*~*~tactically~*~*~ (stealth).
  8771 | D:9      | 8771 ||| Stepping ~*~*~tactically~*~*~ (stealth).
  8777 | D:9      | 8777 ||| INVOKING Heroism.
  8813 | D:9      | 8813 ||| Stepping ~*~*~tactically~*~*~ (stealth).
  8865 | D:9      | Found a staircase to the Lair.
  8933 | D:9      | Reached *** piety under Okawaru
  8938 | D:9      | 8938 ||| Stepping ~*~*~tactically~*~*~ (stealth).
  9005 | D:9      | 9005 ||| Stepping ~*~*~tactically~*~*~ (stealth).
  9009 | D:9      | 9009 ||| Stepping ~*~*~tactically~*~*~ (stealth).
  9175 | D:9      | Found a white marble altar of Elyvilon.
  9175 | D:9      | Found a blossoming altar of Fedhas.
  9207 | D:9      | Found a shimmering blue altar of Sif Muna.
  9285 | D:9      | 9285 ||| PLANNING LAIR
  9285 | D:9      | 9285 ||| READING scroll labelled ULAMUTAGRE.
  9309 | Lair:1   | Entered Level 1 of the Lair of Beasts
  9312 | Lair:1   | 9312 ||| Stepping ~*~*~tactically~*~*~ (stealth).
  9332 | Lair:1   | 9332 ||| INVOKING Heroism.
  9478 | Lair:1   | Noticed a boulder beetle
  9479 | Lair:1   | 9479 ||| INVOKING Heroism.
  9491 | Lair:1   | Killed a boulder beetle
  9492 | Lair:1   | Reached skill level 12 in Axes
  9593 | Lair:1   | 9593 ||| INVOKING Heroism.
  9603 | Lair:1   | 9603 ||| Stepping ~*~*~tactically~*~*~ (stealth).
  9617 | Lair:1   | Reached skill level 6 in Shields
  9669 | Lair:1   | 9669 ||| Stepping ~*~*~tactically~*~*~ (hiding).
  9670 | Lair:1   | 9670 ||| Stepping ~*~*~tactically~*~*~ (hiding).
  9681 | Lair:1   | Reached **** piety under Okawaru
  9690 | Lair:1   | Noticed a death yak
  9690 | Lair:1   | Noticed a death yak
  9690 | Lair:1   | Noticed a death yak
  9691 | Lair:1   | 9691 ||| Stepping ~*~*~tactically~*~*~ (stealth).
  9693 | Lair:1   | 9693 ||| INVOKING Heroism.
  9703 | Lair:1   | Killed a death yak
  9710 | Lair:1   | Killed a death yak
  9716 | Lair:1   | Killed a death yak
  9717 | Lair:1   | Reached skill level 9 in Armour
  9780 | Lair:1   | Noticed Amaemon
  9785 | Lair:1   | 9785 ||| INVOKING Heroism.
  9799 | Lair:1   | Killed Amaemon
  9800 | Lair:1   | Reached skill level 6 in Invocations
  9800 | Lair:1   | Reached XP level 12. HP: 75/76 MP: 14/16
  9810 | Lair:1   | 9810 ||| DROPPING +0 morningstar.
  9871 | Lair:1   | 9871 ||| Stepping ~*~*~tactically~*~*~ (stealth).
 10176 | Lair:1   | You fall into a shaft and drop 1 floor!
 10177 | Lair:2   | 10177 ||| INVOKING Heroism.
 10184 | Lair:2   | 10184 ||| Stepping ~*~*~tactically~*~*~ (stealth).
 10207 | Lair:2   | 10207 ||| INVOKING Heroism.
 10222 | Lair:2   | 10222 ||| Stepping ~*~*~tactically~*~*~ (stealth).
 10324 | Lair:2   | 10324 ||| UPGRADING to +0 tower shield.
 10334 | Lair:2   | 10334 ||| DROPPING +0 buckler.
 10335 | Lair:2   | 10335 ||| READING 6 scrolls of identify.
 10335 | Lair:2   | 10335 ||| IDENTIFYING murky emerald potion
 10344 | Lair:2   | 10344 ||| Stepping ~*~*~tactically~*~*~ (stealth).
 10469 | Lair:1   | 10469 ||| INVOKING Heroism.
 10628 | Lair:2   | Noticed a seven-headed hydra
 10629 | Lair:2   | 10629 ||| INVOKING Heroism.
 10632 | Lair:2   | 10632 ||| Stepping ~*~*~tactically~*~*~ (stealth).
 10634 | Lair:2   | 10634 ||| Stepping ~*~*~tactically~*~*~ (stealth).
 10635 | Lair:2   | 10635 ||| SWAPPING to +0 demon whip of venom.
 10646 | Lair:2   | Killed a seven-headed hydra
 10647 | Lair:2   | Reached skill level 7 in Shields
 10647 | Lair:2   | 10647 ||| SWAPPING to +0 broad axe.
 10812 | Lair:2   | 10812 ||| Stepping ~*~*~tactically~*~*~ (stealth).
 10831 | Lair:2   | 10831 ||| Stepping ~*~*~tactically~*~*~ (stealth).
 10916 | Lair:2   | 10916 ||| Stepping ~*~*~tactically~*~*~ (stealth).
 10916 | Lair:2   | Noticed a seven-headed hydra
 10917 | Lair:2   | 10917 ||| INVOKING Heroism.
 10921 | Lair:2   | 10921 ||| SWAPPING to +0 demon whip of venom.
 10930 | Lair:2   | Killed a seven-headed hydra
 10931 | Lair:2   | 10931 ||| SWAPPING to +0 broad axe.
 10944 | Lair:2   | HP: 19/77 [yak[a torpor snail] (7)]
 10945 | Lair:2   | 10945 ||| DRINKING potion of heal wounds.
 10948 | Lair:2   | 10948 ||| INVOKING Heroism.
 10960 | Lair:2   | Reached skill level 8 in Shields
 11212 | Lair:2   | 11212 ||| INVOKING Heroism.
 11232 | Lair:2   | 11232 ||| INVOKING Heroism.
 11392 | Lair:2   | 11392 ||| INVOKING Heroism.
 11409 | Lair:2   | Noticed a skyshark
 11410 | Lair:2   | Reached skill level 9 in Invocations
 11438 | Lair:2   | 11438 ||| INVOKING Heroism.
 11443 | Lair:2   | Killed a skyshark
 11569 | Lair:2   | 11569 ||| INVOKING Heroism.
 12052 | Lair:2   | 12052 ||| UPGRADING to amulet of regeneration.
 12091 | Lair:3   | 12091 ||| INVOKING Heroism.
 12097 | Lair:3   | Reached skill level 9 in Shields
 12109 | Lair:3   | 12109 ||| INVOKING Heroism.
 12146 | Lair:3   | 12146 ||| Stepping ~*~*~tactically~*~*~ (stealth).
 12164 | Lair:3   | 12164 ||| INVOKING Heroism.
 12175 | Lair:3   | Reached XP level 13. HP: 82/82 MP: 18/20
 12203 | Lair:3   | Reached skill level 10 in Shields
 12231 | Lair:3   | 12231 ||| INVOKING Heroism.
 12330 | Lair:3   | 12330 ||| INVOKING Heroism.
 12348 | Lair:3   | Reached skill level 11 in Shields
 12395 | Lair:3   | Found a staircase to the Swamp.
 12397 | Lair:3   | 12397 ||| Stepping ~*~*~tactically~*~*~ (hiding).
 12400 | Lair:3   | 12400 ||| Stepping ~*~*~tactically~*~*~ (hiding).
 12401 | Lair:3   | 12401 ||| Stepping ~*~*~tactically~*~*~ (hiding).
 12402 | Lair:3   | 12402 ||| Stepping ~*~*~tactically~*~*~ (hiding).
 12403 | Lair:3   | 12403 ||| Stepping ~*~*~tactically~*~*~ (hiding).
 12408 | Lair:3   | Received a gift from Okawaru
 12465 | Lair:3   | 12465 ||| Stepping ~*~*~tactically~*~*~ (hiding).
 12466 | Lair:3   | 12466 ||| Stepping ~*~*~tactically~*~*~ (hiding).
 12468 | Lair:3   | 12468 ||| INVOKING Heroism.
 12480 | Lair:3   | Reached skill level 3 in Throwing
 12536 | Lair:3   | Noticed Fannar
 12547 | Lair:3   | 12547 ||| INVOKING Heroism.
 12576 | Lair:3   | Killed Fannar
 12752 | Lair:3   | 12752 ||| Stepping ~*~*~tactically~*~*~ (water).
 12759 | Lair:3   | 12759 ||| INVOKING Heroism.
 12765 | Lair:3   | Reached skill level 12 in Shields
 13114 | Lair:3   | 13114 ||| Stepping ~*~*~tactically~*~*~ (stealth).
 13138 | Lair:3   | 13138 ||| INVOKING Heroism.
 13151 | Lair:3   | Reached skill level 13 in Shields
 13155 | Lair:3   | 13155 ||| SWAPPING to +0 demon whip of venom.
 13164 | Lair:3   | 13164 ||| SWAPPING to +0 broad axe.
 13167 | Lair:3   | 13167 ||| SWAPPING to +0 demon whip of venom.
 13169 | Lair:3   | 13169 ||| SWAPPING to +0 broad axe.
 13176 | Lair:3   | Reached ***** piety under Okawaru
 13242 | Lair:3   | Found a hole to the Spider Nest.
 13267 | Lair:3   | 13267 ||| INVOKING Heroism.
 13597 | Lair:3   | 13597 ||| UPGRADING to +0 cloak.
 13602 | Lair:3   | 13602 ||| UPGRADING to amulet of faith.
 13677 | Lair:4   | 13677 ||| INVOKING Heroism.
 13722 | Lair:4   | 13722 ||| INVOKING Heroism.
 13915 | Lair:4   | 13915 ||| INVOKING Heroism.
 13918 | Lair:4   | 13918 ||| Stepping ~*~*~tactically~*~*~ (stealth).
 13940 | Lair:4   | Reached skill level 14 in Shields
 14006 | Lair:4   | Received a gift from Okawaru
 14181 | Lair:4   | Gained mutation: Your large and strong wings let you fly.
                  | [Gargoyle growth]
 14181 | Lair:4   | Reached XP level 14. HP: 88/88 MP: 21/21
 14230 | Lair:4   | 14230 ||| Stepping ~*~*~tactically~*~*~ (hiding).
 14231 | Lair:4   | 14231 ||| Stepping ~*~*~tactically~*~*~ (hiding).
 14232 | Lair:4   | 14232 ||| Stepping ~*~*~tactically~*~*~ (hiding).
 14442 | Lair:4   | 14442 ||| INVOKING Heroism.
 14761 | Lair:4   | 14761 ||| Stepping ~*~*~tactically~*~*~ (stealth).
 14872 | Lair:4   | 14872 ||| DRINKING 2 ruby potions.
 14873 | Lair:4   | 14873 ||| DROPPING potion of invisibility.
 14897 | Lair:5   | Entered Level 5 of the Lair of Beasts
 14905 | Lair:5   | 14905 ||| STAIRDANCE
 14959 | Lair:5   | 14959 ||| INVOKING Heroism.
 14960 | Lair:5   | 14960 ||| INVOKING Finesse.
 14962 | Lair:5   | 14962 ||| SWAPPING to +0 demon whip of venom.
 14984 | Lair:5   | 14984 ||| SWAPPING to +0 broad axe.
 15033 | Lair:5   | 15033 ||| STAIRDANCE
 15140 | Lair:5   | 15140 ||| Stepping ~*~*~tactically~*~*~ (stealth).
 15151 | Lair:5   | 15151 ||| INVOKING Heroism.
 15166 | Lair:5   | Identified the +1 pair of boots "Soshrataur" {rElec rPois
                  | Slay-4 Stlth+} (Okawaru gifted it to you on level 5 of the
                  | Lair of Beasts)
 15166 | Lair:5   | Received a gift from Okawaru
 15354 | Lair:5   | 15354 ||| INVOKING Heroism.
 15355 | Lair:5   | 15355 ||| INVOKING Finesse.
 15366 | Lair:5   | Found a viscous altar of Jiyva.
 15367 | Lair:5   | Found a staircase to the Slime Pits.
 15368 | Lair:5   | 15368 ||| Stepping ~*~*~tactically~*~*~ (stealth).
 15412 | Lair:5   | 15412 ||| INVOKING Heroism.
 15413 | Lair:5   | 15413 ||| INVOKING Finesse.
 15438 | Lair:5   | HP: 6/88 [oklob plant/splash of acid (22)]
 15438 | Lair:5   | Killed from afar by an oklob plant

Levels and vault maps discovered:
D:1:      spicycebolla_arrival_xxxplode, layout_rooms,
          shapermc_ecumenical_altar_hornbeckon, minmay_large_rounded_square
D:2:      layout_basic, uniq_robin
D:3:      layout_basic
D:4:      layout_basic, mainiacjoe_overflow_brackets
D:5:      layout_loops_ring, mainiacjoe_overflow_tiny_flanked, uniq_menkaure,
          uniq_sigmund
D:6:      layout_basic, mainiacjoe_overflow_six_doors_small,
          minmay_temple_entry_gardened_gates, ebering_dispersal_statue_hall,
          minmay_chambers_of_fives, uniq_pikel
D:7:      layout_loops_ring, enter_bailey_3, serial_shops,
          nicolae_inconvenience_store, nicolae_shop_i_like_big_books
D:8:      minmay_separated_statues, layout_gridville,
          nicolae_overflow_crystal_walls, kiku_gazebo_pond_becter, uniq_maggie
D:9:      layout_roguey, gammafunk_temple_overflow_pools,
          nicolae_sif_muna_condensation, hellmonk_lair_entry_icy, uniq_psyche
Temple:   eino_temple_water
Lair:1:   layout_loops_ring, uniq_amaemon
Lair:2:   layout_roguey, cheibrodos_lair_lostbears
Lair:3:   layout_small_grid, skrybe_swamp_entry_bodies,
          spider_nest_entry_funnel_web, serial_bayou, serial_bayou_lake_a,
          serial_bayou_shore_b, serial_bayou_shore_b, serial_bayou_pond_b,
          serial_bayou_pond_e, chequers_serial_rivers_micro_d,
          lemuel_fruit_fields, uniq_fannar
Lair:4:   layout_regular_city, minivault_19, st_stairs_9, serial_bayou_shore_a,
          grunt_megastairs_2
Lair:5:   grunt_lair_end_beastmaster, layout_loops_ring,
          minmay_slime_entry_oklob_open, kennysheep_rathole

Skill      XL: |  1  2  3  4  5  6  7  8  9 10 11 12 13 14 |
---------------+-------------------------------------------+-----
Axes           | 2 3 4 5 6 8 9 11 12 13 | 13.0
Fighting       | 5 7 8 9 10 | 10.0
Armour         | 4 5 6 7 9 |  9.1
Dodging        | 2 |  2.3
Shields        | 4 5 6 9 14 | 14.9
Throwing       | 1 2 3 |  3.7
Invocations    | 2 4 6 9 10 | 10.0

Action                     |  1- 3 |  4- 6 |  7- 9 | 10-12 | 13-15 || total
---------------------------+-------+-------+-------+-------+-------++-------
  Melee: War axe           |   140 |   106 |    89 |       |       ||   335
         Hand axe          |       |       |   171 |    85 |       ||   256
         Broad axe         |       |       |       |   485 |   578 ||  1063
         Demon whip        |       |       |       |    20 |    30 ||    50
  Throw: Boomerang         |       |       |    11 |    56 |     9 ||    76
         Javelin           |       |       |       |       |    24 ||    24
 Invoke: Heroism           |       |       |       |    30 |    15 ||    45
         Finesse           |       |       |       |       |     3 ||     3
    Use: Scroll            |     4 |     6 |     3 |     7 |       ||    20
         Potion            |       |     2 |     3 |     4 |     1 ||    10
   Stab: Distracted        |       |       |     1 |     1 |       ||     2
         Invisible         |       |       |       |       |     6 ||     6
 Armour: Scale mail        |    75 |    36 |       |       |       ||   111
         Plate armour      |       |    43 |   164 |   382 |   416 ||  1005
  Dodge: Dodged            |    69 |    47 |    72 |   172 |   145 ||   505
  Block: Buckler           |    27 |    20 |    49 |    72 |       ||   168
         Tower shield      |       |       |       |   237 |   538 ||   775

Table legend:
 A = Non-vault XP
 B = Vault XP
 C = Vault XP percentage of total XP
 D = Non-vault monster count
 E = Vault monster count
 F = Vault count percentage of total count
                 A         B        C        D         E       F
            +---------+---------+-------+---------+---------+-------
      Total |   50538 |   14775 |  22.6 |     330 |      62 |  15.8
            +---------+---------+-------+---------+---------+-------
        D:1 |      80 |       0 |   0.0 |      40 |       0 |   0.0
        D:2 |      50 |      39 |  43.8 |      14 |      13 |  48.1
        D:3 |     151 |       0 |   0.0 |      19 |       0 |   0.0
        D:4 |       6 |       0 |   0.0 |       3 |       0 |   0.0
        D:5 |     635 |     411 |  39.3 |      14 |       2 |  12.5
        D:6 |     850 |    1098 |  56.4 |      21 |       6 |  22.2
        D:7 |    1356 |       7 |   0.5 |      29 |       4 |  12.1
        D:8 |     774 |    1543 |  66.6 |      14 |       3 |  17.6
        D:9 |    2956 |    1947 |  39.7 |      19 |       9 |  32.1
     Lair:1 |    7067 |    1163 |  14.1 |      21 |       2 |   8.7
     Lair:2 |    8704 |     891 |   9.3 |      34 |       3 |   8.1
     Lair:3 |   14769 |    4581 |  23.7 |      55 |       9 |  14.1
     Lair:4 |    7336 |    1958 |  21.1 |      29 |       9 |  23.7
     Lair:5 |    5804 |    1137 |  16.4 |      18 |       2 |  10.0
            +---------+---------+-------+---------+---------+-------
